 Dungeon Crawl Stone Soup version 0.29-a0-266-gf56f883ddd (webtiles) character file.

Game seed: 14463396567929205890

332 Morbidden the Skirmisher (level 6, 0/57 HPs)
             Began as a Naga Fighter on Mar 6, 2022.
             Frozen to death by an endoplasm (2 damage)
             ... on level 4 of the Dungeon.
             The game lasted 00:03:43 (2516 turns).

Morbidden the Skirmisher (Naga Fighter)             Turns: 2516, Time: 00:03:44

Health: 0/57       AC:  6    Str: 21    XL:     6   Next: 52%
Magic:  6/6        EV:  7    Int:  8    God:
Gold:   142        SH:  4    Dex: 13    Spells: 5/5 levels left

rFire   . . .      SeeInvis +   i - +4 mace "Diyceal" {speed, Fly rC+ Dex+3 Stlth-}
rCold   + . .      Faith    .   c - +0 buckler
rNeg    . . .      Spirit   .   b - +0 scale mail
rPois   +          Reflect  .   (no helmet)
rElec   .          Harm     .   (no cloak)
rCorr   .          Rampage  .   (no gloves)
Will    .....                   (no barding)
Stlth   ..........              (no amulet)
HPRegen 0.19/turn               (no ring)
MPRegen 0.10/turn               (no ring)

@: short of breath, flying, very slow
A: AC +2, large, see invisible, deformed body, poison resistance, slowness 2,
spit poison 1, naga tail 1
a: Spit Poison


You were on level 4 of the Dungeon.
You visited 1 branch of the dungeon, and saw 3 of its levels.

You collected 142 gold pieces.

Inventory:

Hand Weapons
 a - a +0 war axe
 i - the +4 mace "Diyceal" (weapon) {speed, Fly rC+ Dex+3 Stlth-}
   (You found it on level 2 of the Dungeon)

   Attacks with this weapon are significantly faster.
   Dex:       It affects your dexterity (+3).
   rC:        It protects you from cold.
   Fly:       It grants you flight.
   Stlth:     It makes you less stealthy.
Armour
 b - a +0 scale mail (worn)
 c - a +0 buckler (worn)
Scrolls
 g - a scroll of holy word {unknown}
 j - a scroll of identify {unknown}
 k - 2 scrolls of amnesia
 m - a scroll of enchant armour {unknown}
Potions
 d - a potion of might
 e - a potion of haste


   Skills:
 * Level 4.1 Fighting
 * Level 4.0(4.2) Axes
 + Level 1.9(3.2) Maces & Flails
 + Level 3.7 Armour
 + Level 0.4 Dodging
 + Level 2.7 Shields


You had 5 spell levels left.
You didn't know any spells.
Your spell library was empty.

Dungeon Overview and Level Annotations

Branches:
Dungeon (2/15)

Altars:


Innate Abilities, Weirdness & Mutations

Your serpentine skin is tough. (AC +2)
You have supernaturally acute eyesight. (SInv)
Armour fits poorly on your strangely shaped body.
Your system is resistant to poisons. (rPois)
You cover ground very slowly.
You can spit poison.
You have a snake-like lower body.


Message History

You are frozen.
You resist.
* * * LOW HITPOINT WARNING * * *
Unknown command.
Unknown command.
Unknown command.
You hit the gnoll.
You kill the gnoll!
The endoplasm freezes you.
You are frozen.
You resist.
Unknown command.
Unknown command.
You barely miss the gnoll. The endoplasm hits you.
* * * LOW HITPOINT WARNING * * *
The gnoll barely misses you.
Unknown command.
You closely miss the gnoll. The gnoll barely misses you.
The endoplasm freezes you.
You are frozen.
You resist.
* * * LOW HITPOINT WARNING * * *
Unknown command.
Unknown command.
You hit the gnoll.
The gnoll is moderately wounded.
You have got your breath back.
Unknown command.
You closely miss the gnoll.
The gnoll is moderately wounded.
The gnoll hits you with a +0 halberd.
* * * LOW HITPOINT WARNING * * *
You block the endoplasm's attack.
Unknown command.
Aiming: Spit Poison (1% risk of failure)
Press: ? - help, Shift-Dir - straight line, f - gnoll
Aim: a gnoll, wielding a +0 halberd and quivering a throwing net (moderately wounded, 65% to hit)
The splash of poison hits the gnoll!
The gnoll is severely wounded.
The gnoll hits you but does no damage. The endoplasm freezes you.
You are frozen.
You resist.
You die...

#####.##
##.##)#.#
#...'8.8#
##.##)#g#
#####)## #8g8#
##.## ###
#g#J#####
##..###@###..##
#.8..)#.#)..8.#
#....#'.'#....#
#....#).'#...[#
#.8...#.#)..8.#
##..###.###..##
# ### #.#.#####
.#### ##.##
#....# #'#
#......


You could see a gnoll and an endoplasm.

Vanquished Creatures
  A centaur (D:4)
  2 scorpions (D:4)
  A gnoll shaman (D:4)
  2 gnolls (D:4)
  An adder (D:2)
  A worm (D:2)
  2 dart slugs
  4 orcs (D:4)
  8 ball pythons
  9 endoplasms
  A giant cockroach (D:1)
  5 goblins
  8 hobgoblins
  4 jackals
  2 quokkas (D:1)
  4 bats
  5 frilled lizards
  2 kobolds (D:1)
  5 rats
67 creatures vanquished.

Notes
Turn   | Place    | Note
-------+----------+-------------------------------------------
     0 | D:1      | Morbidden the Naga Fighter began the quest for the Orb.
     0 | D:1      | Reached XP level 1. HP: 21/21 MP: 1/1
   125 | D:1      | Reached XP level 2. HP: 28/28 MP: 2/2
   640 | D:1      | Reached XP level 3. HP: 33/34 MP: 3/3
   971 | D:1      | Found a faded altar of an unknown god.
  1592 | D:2      | Reached XP level 4. HP: 31/42 MP: 4/4
  1734 | D:2      | Identified the +4 mace "Diyceal" {speed, Fly rC+ Dex+3
                  | Stlth-}
  1930 | D:2      | You are sucked into a shaft and drop 2 floors!
  1975 | D:4      | Noticed a centaur
  1986 | D:4      | Noticed a scorpion
  1993 | D:4      | Killed a centaur
  1993 | D:4      | Noticed a scorpion
  1994 | D:4      | Reached XP level 5. HP: 22/50 MP: 5/5
  2009 | D:4      | Reached skill level 1 in Maces & Flails
  2014 | D:4      | Reached XP level 6. HP: 9/57 MP: 6/6
  2515 | D:4      | HP: 2/57 [gnoll/+0 halberd (2)]
  2516 | D:4      | Frozen to death by an endoplasm

Illustrated notes

Levels and vault maps discovered:
D:1:      scummos_arrival_star, layout_loops_cross,
          chequers_ecumenical_altar_simple, minmay_misc_feat_four_crosses,
          palyth_stone_intersect, minmay_hexomino_p4
D:2:      layout_basic, minivault_25
D:4:      layout_rooms, minmay_door_square, wad_orctagon, uniq_robin,
          uniq_menkaure

Skill      XL: |  1  2  3  4  5  6 |
---------------+-------------------+-----
Armour         | 3 |  3.7
Axes           | 3 4 |  4.0
Fighting       | 4 |  4.1
Maces & Flails | 1 |  1.9
Dodging        | |  0.4
Shields        | |  2.7

Action                   |  1- 3 |  4- 6 || total
-------------------------+-------+-------++-------
Melee: War axe           |   112 |     5 ||   117
       Mace              |       |    66 ||    66
 Abil: Spit Poison       |     4 |     6 ||    10
  Use: Potion            |       |     3 ||     3
       Scroll            |       |     2 ||     2
Armor: Scale mail        |    68 |    35 ||   103
Dodge: Dodged            |    38 |    45 ||    83
Block: Buckler           |    23 |    14 ||    37

Table legend: (Time is in decaauts)
 A = Elapsed time spent in this place.
 B = Non-inter-level travel time spent in this place.
 C = Inter-level travel time spent in this place.
 D = Time resting spent in this place.
 E = Time spent auto-exploring this place.
 F = Levels seen in this place.
 G = Mean time per level.
                   A        B        C        D        E       F      G
               +--------+--------+--------+--------+--------+-----+--------+
         Total |   2969 |   2957 |     12 |    348 |   2116 |   3 |  989.7 |
       Dungeon |   2969 |   2957 |     12 |    348 |   2116 |   3 |  989.7 |
               +--------+--------+--------+--------+--------+-----+--------+

Top non-repeatable levels by time:
     D:1: 1303 daAuts
     D:2: 1057 daAuts
     D:4: 608 daAuts
